 Dungeon Crawl Stone Soup version 0.27-a0-1448-g9c78c815f3 (webtiles) character file.

Game seed: 753847635769055075

13 Lekart the Skirmisher (level 2, 0/26 HPs)
             Began as a Draconian Chaos Knight on July 5, 2021.
             Was a Plaything of Xom.
             Slain by a quokka (3 damage)
             ... on level 1 of the Dungeon.
             The game lasted 00:00:47 (517 turns).

Lekart the Skirmisher (Draconian Chaos Knight)       Turns: 517, Time: 00:00:48

Health: 0/26       AC:  4    Str: 14    XL:     2   Next: 24%
Magic:  2/2        EV:  9    Int: 12    God:    Xom [..*...]
Gold:   31         SH:  6    Dex: 10    Spells: 1/1 levels left

rFire    . . .     SeeInvis .   a - +0 falchion (chaos)
rCold    . . .     Faith    .   e - +0 kite shield
rNeg     . . .     Spirit   .   (armour unavailable)
rPois    .         Reflect  .   (helmet restricted)
rElec    .         Harm     .   (no cloak)
rCorr    .         Rampage  .   (no gloves)
Will     .....                  (no boots)
Stlth    +.........             (no amulet)
HPRegen  0.08/turn              (no ring)
MPRegen  0.08/turn              (no ring)

@: no status effects
A: AC +4, unfitting armour, cold-blooded
a: Renounce Religion


You were on level 1 of the Dungeon.
You worshipped Xom.
You were a toy of Xom.
You visited 1 branch of the dungeon, and saw 1 of its levels.

You collected 31 gold pieces.

Inventory:

Hand Weapons
 a - a +0 falchion of chaos (weapon)
Armour
 e - a +0 kite shield (worn)
Scrolls
 b - a scroll of identify {unknown}
 d - a scroll of teleportation {unknown}
Potions
 c - a potion of heal wounds {unknown}
 f - a potion of berserk rage {unknown}


   Skills:
 + Level 3.6 Fighting
 + Level 3.2 Long Blades
 * Level 2.4 Dodging


You had one spell level left.
You didn't know any spells.
Your spell library was empty.

Dungeon Overview and Level Annotations

Branches:
Dungeon (1/15)

Altars:


Innate Abilities, Weirdness & Mutations

Your plain brown scales are hard. (AC +4)
You cannot fit into any form of body armour.
You are cold-blooded and may be slowed by cold attacks.


Message History

The quokka bites you but does no damage.
There are monsters nearby!
You closely miss the quokka. The quokka bites you.
You block the quokka's attack.
The quokka bites you but does no damage.
The quokka bites you.
There are monsters nearby!
You closely miss the quokka. You block the quokka's attack.
The quokka barely misses you. The quokka bites you.
There are monsters nearby!
You closely miss the quokka. You block the quokka's attack.
The quokka bites you but does no damage. x2
You block the quokka's attack.
You barely miss the quokka. The quokka barely misses you.
The quokka bites you but does no damage.
The quokka bites you. x2
You are too injured to fight recklessly!
You closely miss the quokka.
The quokka bites you but does no damage. x2
The quokka barely misses you.
You hit the quokka.
The quokka suddenly seems more agile.
Xom thinks this is hilarious!
The quokka is severely wounded.
The quokka bites you but does no damage. x3
You miss the quokka.
The quokka is severely wounded.
The quokka bites you. You block the quokka's attack.
The quokka barely misses you.
You riposte.
You barely miss the quokka.
The quokka is severely wounded.
The quokka bites you.
* * * LOW HITPOINT WARNING * * *
You hit the quokka.
The quokka appears confused.
The quokka is almost dead.
You block the quokka's attack.
You hit the quokka.
You kill the quokka!
The quokka closely misses you. The quokka bites you.
* * * LOW HITPOINT WARNING * * *
The quokka bites you.
You die...

.....# ...... .....#
..... .....# ....
.....# ####... .....#
#..... .....# #....#
.....# #....# ######
#..r.# #.@!.#
########## #....#
#........# #....#
##........#####....####
.'........'>...........
##........#........####
##........#....#####
##........######
###########


You could see a quokka.

Vanquished Creatures
  A ball python (D:1)
  A bat (D:1)
  An endoplasm (D:1)
  2 goblins (D:1)
  A quokka (D:1)
  3 kobolds (D:1)
  2 rats (D:1)
11 creatures vanquished.

Notes
Turn   | Place    | Note
-------+----------+-------------------------------------------
     0 | D:1      | Lekart the Draconian Chaos Knight began the quest for the
                  | Orb.
     0 | D:1      | Reached XP level 1. HP: 19/19 MP: 1/1
     2 | D:1      | XOM: divination: magic mapping
    24 | D:1      | XOM: silly message
    58 | D:1      | XOM: cast spell 'Cause Fear'
   313 | D:1      | Reached XP level 2. HP: 23/26 MP: 2/2
   517 | D:1      | Slain by a quokka

Illustrated notes

Levels and vault maps discovered:
D:1:      grunt_arrival_lava_bath, layout_basic, shapermc_ecumenical_altar_gd

Action                   || total
-------------------------++-------
Melee: Falchion          ||    36
       Tailslap          ||     2
Armor: Skin              ||    15
Dodge: Dodged            ||    25
Block: Kite shield       ||     9
       Rpst.: Falchion   ||     5

Table legend: (Time is in decaauts)
 A = Elapsed time spent in this place.
 B = Non-inter-level travel time spent in this place.
 C = Inter-level travel time spent in this place.
 D = Time resting spent in this place.
 E = Time spent auto-exploring this place.
 F = Levels seen in this place.
 G = Mean time per level.
                   A        B        C        D        E       F      G
               +--------+--------+--------+--------+--------+-----+--------+
         Total |    526 |    526 |      0 |    179 |    246 |   1 |  526.0 |
       Dungeon |    526 |    526 |      0 |    179 |    246 |   1 |  526.0 |
               +--------+--------+--------+--------+--------+-----+--------+

Top non-repeatable levels by time:
     D:1: 526 daAuts
